[Event "Early-Titled-Tuesday-Blitz-May-14-2024"]
[Site "Chess.com"]
[Date "2024.05.14"]
[Round "9"]
[White "Kors67"]
[Black "ATM622"]
[Result "1-0"]
[WhiteElo "2300"]
[BlackElo "2536"]
[TimeControl "180+1"]
[EndTime "9:47:47 PDT"]
[Termination "Kors67 won on time"]

1. e4 c6 2. d4 d5 3. exd5 cxd5 4. Bd3 Nc6 5. Nf3 Nf6 6. O-O g6 7. h3 Bg7 8. Bf4 O-O 9. c3 Bf5 10. Re1 Re8 11. Ne5 Bxd3 12. Qxd3 Nxe5 13. Bxe5 Rc8 14. Nd2 Qd7 15. a4 a6 16. a5 Qf5 17. Qxf5 gxf5 18.
Nb3 Ne4 19. Bxg7 Kxg7 20. f3 Nd6 21. Nc5 Rc6 22. Re5 e6 23. g4 Nc4 24. Re2 Kf6 25. Kf2 h5 26. gxf5 Kxf5 27. b4 Nd6 28.
Rg1 Kf6 29. Re5 Rh8 30. Ke2 Nf5 31. Kd3 Rhc8 32. Rc1 R6c7 33. Ree1 Rg8 34. Rg1 Rgc8 35. Rg2 h4 36. Rg4 Rh8 37. Rcg1 Rf8 38. Rf4 Rh8 39. Rgg4 Rf8 40. Rxh4 Rg8 41. Rhg4 Rh8 42. h4 Ke7 43. Rg5 Nxh4 44. Re5 f6 45. Rxe6+ Kf7 46. Rfxf6+ Kg7 47. Rf4 Ng6 48. Rg4 Rh6 49. Rexg6+ Rxg6 50. Ne6+ Kf6 51. Rxg6+ 1-0

[Event "Early-Titled-Tuesday-Blitz-May-14-2024"]
[Site "Chess.com"]
[Date "2024.05.14"]
[Round "9"]
[White "Likvidator228"]
[Black "SirGerhard"]
[Result "0-1"]
[WhiteElo "2538"]
[BlackElo "2718"]
[TimeControl "180+1"]
[EndTime "9:47:49 PDT"]
[Termination "SirGerhard won by resignation"]

1. d4 g6 2. Nf3 Bg7 3. Bf4 c5 4. e3 Nf6 5. c3 O-O 6. h3 Qb6 7. Qb3 Nc6 8. Nbd2 d6 9. Nc4 Qd8 10. Be2 Nd5 11. Bg5 h6 12. Bh4 cxd4 13. cxd4 Na5 14. Qa3 Nxc4 15. Bxc4 Nb6 16. Be2 g5 17. Bg3 f5 18. Qb3+ Kh8 19. h4 f4 20. Bh2 g4 21.
Nd2 e5 22. dxe5 dxe5 23. O-O-O Bf5 24. e4 Qc8+ 25. Kb1 Be6 26. Qb4 Rd8 27. Rc1 Qd7 28.
Rhd1 Qf7 29. Nb3 Rxd1 30. Rxd1 Rc8 31. f3 Bc4 32. Bxc4 Nxc4 33. Bg1 gxf3 34. gxf3 b6 35. Bf2 Kh7 36. Qb5 Qe6 37. Qd7 Qxd7 38. Rxd7 a5 39. Nd2 Nxd2+ 40. Rxd2 Rc6 41. b3 Kg6 42. Kb2 Bf8 43.
a3 Be7 44. Rd7 Bc5 45. Bxc5 bxc5 46. Rd5 Kh5 47. Rxe5+ Kxh4 48. Rf5 Kg3 49. e5 Re6 50. Rf6 Rxe5 51. Kc3 Kxf3 52. Rxh6 Ke3 53. Kc2 f3 54.
Rh3 Ke2 55. Rh6 f2 0-1

[Event "Early-Titled-Tuesday-Blitz-May-14-2024"]
[Site "Chess.com"]
[Date "2024.05.14"]
[Round "9"]
[White "RobertoJBM"]
[Black "MITerryble"]
[Result "1/2-1/2"]
[WhiteElo "2841"]
[BlackElo "3027"]
[TimeControl "180+1"]
[EndTime "9:47:50 PDT"]
[Termination "Game drawn by repetition"]

1. d4 e6 2. Nf3 Nf6 3. e3 b6 4.
Bd3 Bb7 5. Qe2 c5 6. c3 d5 7.
Nbd2 Nc6 8. Ne5 Bd6 9. f4 Ne7 10. O-O O-O 11. b3 Ne4 12. Bb2 f6 13. Nef3 Rc8 14.
Rac1 Qe8 15. c4 Qh5 16. Rc2 g5 17. fxg5 fxg5 18. Ne5 Qxe2 19. Bxe2 Nxd2 20. Rxd2 Rxf1+ 21. Bxf1 Bxe5 22. dxe5 Nf5 23. cxd5 Bxd5 24. Kf2 Rf8 25. Bd3 Nh4+ 26. Kg3 h5 27. e4 Bb7 28. Rf2 Rd8 29.
Bc2 Ng6 30. Kf3 b5 31. Ke3 c4 32. bxc4 bxc4 33. Bd4 Rc8 34. g3 Nf8 35. Rf6 a6 36. Kd2 Bc6 37. Kc3 Bb5 38. a4 Bd7 39. a5 Rb8 40.
Kxc4 Rc8+ 41. Kd3 Bb5+ 42. Kd2 Rd8 43. Ke3 Bc4 44. Bc5 Nd7 45. Be7 Re8 46. Bd6 Nxf6 47. exf6 e5 48. Bd1 g4 49. Ba4 Re6 50. Be7 Bb5 51.
Bb3 Kf7 52. Bxe6+ Kxe6 53. Kd2 Bc6 54. Ke3 Bb7 55. Bd8 Bc6 56. Kd3 Bb7 57. Ke3 Bc6 58.
Kd3 Bb7 59. Ke3 1/2-1/2

[Event "Early-Titled-Tuesday-Blitz-May-14-2024"]
[Site "Chess.com"]
[Date "2024.05.14"]
[Round "9"]
[White "Mikasinski"]
[Black "lagunanivaria"]
[Result "1-0"]
[WhiteElo "2656"]
[BlackElo "2525"]
[TimeControl "180+1"]
[EndTime "9:47:50 PDT"]
[Termination "Mikasinski won by resignation"]

1. e4 e6 2. d4 d5 3. Nc3 Nf6 4. Bg5 Be7 5. e5 Nfd7 6. h4 a6 7. Qg4 Kf8 8. O-O-O h6 9. Bxe7+ Qxe7 10. Nf3 c5 11.
dxc5 Nc6 12. Qf4 Nxc5 13. Bd3 Nxd3+ 14. Rxd3 Bd7 15. h5 Rc8 16. Nd4 Nxd4 17. Rxd4 b5 18.
Rhd1 Qg5 19. Qxg5 hxg5 20. g4 Rc4 21. Ne4 Ke7 22. Nxg5 Rhc8 23. Rxc4 Rxc4 24. f3 Bc6 25. c3 b4 26. Kd2 Bb5 27. Rc1 f6 28. exf6+ gxf6 29. Nh3 f5 30. Nf2 fxg4 31. fxg4 Kf6 32.
b3 bxc3+ 33. Rxc3 Rf4 34. Ke1 d4 35. Rc7 d3 36. a4 d2+ 37. Kxd2 Rxf2+ 38. Ke3 Re2+ 39.
Kf3 Rb2 40. axb5 Rxb3+ 41. Kf4 Rb4+ 42. Kg3 Rxb5 43. Kh4 Rb1 44. g5+ Ke5 45. h6 Rh1+ 46. Kg4 a5 47. Rc5+ Kd6 48. Rxa5 Ke7 49. Ra7+ Kf8 50. h7 e5 51. Ra8+ Kg7 52. g6 e4 53.
Rg8+ Kf6 54. h8=Q+ Ke6 55. Qxh1 e3 56. Qe4+ Kd6 57. Rd8+ Kc7 58. Qxe3 Kxd8 59. Qe6 Kc7 60. g7 Kb7 61. g8=Q 1-0

[Event "Early-Titled-Tuesday-Blitz-May-14-2024"]
[Site "Chess.com"]
[Date "2024.05.14"]
[Round "9"]
[White "ChadBiryani"]
[Black "Bilan_Danila"]
[Result "0-1"]
[WhiteElo "2541"]
[BlackElo "2650"]
[TimeControl "180+1"]
[EndTime "9:47:50 PDT"]
[Termination "Bilan_Danila won by checkmate"]

1. d4 d5 2. Bf4 Nf6 3. e3 c5 4.
dxc5 Nc6 5. Bb5 e6 6. b4 Bd7 7.
c3 Ne4 8. a4 a5 9. Bxc6 Bxc6 10. b5 Bd7 11. Nf3 Bxc5 12. O-O O-O 13. c4 dxc4 14.
Qc2 Nd6 15. Rd1 Qe7 16. Nbd2 Rac8 17. Ne5 Rfd8 18. Nexc4 Nxc4 19. Nxc4 f6 20. Qb3 e5 21. Nd6+ Be6 22. Nxc8 Rxc8 23. Qc2 exf4 24. Qe4 fxe3 25.
fxe3 b6 26. Rac1 Re8 27. Re1 Bf7 28. Qc6 h5 29. h3 Kh7 30. Kh1 Bg6 31. Qf3 Qe5 32.
Rc4 Bf7 33. Rh4 g5 34. Rc4 Bg6 35. Rcc1 Be4 36. Qf2 h4 37. Kg1 Qg3 38. Qxg3 hxg3 39. Kf1 Kg6 40. Rcd1 Re7 41. Rd8 Bc2 42. Rg8+ Kf7 43.
Rc8 Bxa4 44. e4 Bxb5+ 45. Re2 Rxe4 46. Rc7+ Kg6 47. Re7 Bxe2+ 48. Ke1 Rxe7 49. Kd2 Bf2 50. h4 gxh4 51. Kc3 Bf1 52. Kd2 Re3 53. Kc2 Bxg2 54. Kb2 Bf3 55. Ka2 h3 56. Ka1 h2 57. Kb2 h1=Q 58. Ka2 Qe1 59. Kb2 Qd2+ 60. Kb1 Re1# 0-1

[Event "Early-Titled-Tuesday-Blitz-May-14-2024"]
[Site "Chess.com"]
[Date "2024.05.14"]
[Round "9"]
[White "C_K_G"]
[Black "Kushch_Nikolai"]
[Result "0-1"]
[WhiteElo "2286"]
[BlackElo "2419"]
[TimeControl "180+1"]
[EndTime "9:47:50 PDT"]
[Termination "Kushch_Nikolai won on time"]

1. e4 c5 2. Nf3 e6 3. d4 cxd4 4.
Nxd4 a6 5. Nc3 Qc7 6. Bd3 Nc6 7. Nde2 b5 8. a3 Bb7 9. O-O Nf6 10. h3 Be7 11. Be3 O-O 12. f4 d6 13. Ng3 Rac8 14. Nh5 Na5 15. Qf3 Nc4 16. Bd4 Nxh5 17. Qxh5 e5 18.
fxe5 dxe5 19. Bf2 Nxb2 20. Nd5 Bxd5 21. exd5 Nxd3 22. cxd3 Bc5 23. Kh1 Bxf2 24. Rxf2 Qd6 25. Raf1 f6 26. Qg4 Rcd8 27. Rf3 Qxd5 28. Rxf6 Rxf6 29.
Rxf6 Qd7 30. Qg5 a5 31. Rf5 h6 32. Qg6 Qe8 33. Qg3 e4 34. dxe4 Qxe4 35. Rxb5 a4 36.
Rb4 Qc2 37. Qg4 Qd1+ 38. Qxd1 Rxd1+ 39. Kh2 Ra1 40. Rxa4 Kh7 41. Ra7 h5 42. h4 Kh6 43.
Kg3 Ra2 44. Kf3 Kg6 45. g3 Kf6 46.
Ke4 Rg2 47. Kf3 Ra2 48. Ra6+ Kf7 49. Kf4 Rg2 0-1

[Event "Early-Titled-Tuesday-Blitz-May-14-2024"]
[Site "Chess.com"]
[Date "2024.05.14"]
[Round "9"]
[White "Massakru"]
[Black "ChainedDowntohell"]
[Result "0-1"]
[WhiteElo "2416"]
[BlackElo "2586"]
[TimeControl "180+1"]
[EndTime "9:47:52 PDT"]
[Termination "ChainedDowntohell won by checkmate"]

1. e4 c5 2. c3 Nf6 3. e5 Nd5 4. Bc4 e6 5. Nf3 Nc6 6. d4 cxd4 7. cxd4 d6 8. O-O Be7 9. Qe2 O-O 10. Rd1 Qc7 11. Bd2 Rd8 12. Nc3 Nxc3 13. Bxc3 dxe5 14. Nxe5 Bf6 15. Nxc6 Qxc6 16. d5 exd5 17.
Bxd5 Rxd5 18. Rxd5 Be6 19. Rdd1 Bxc3 20. bxc3 Qxc3 21.
Qb5 b6 22. Rac1 Qa3 23. Qc6 Rf8 24. Rc2 h6 25. h3 Qb4 26. Qf3 Qa4 27. Rcd2 Qb4 28. a3 Qe7 29. Rd6 Qg5 30. R6d4 Qc5 31. Rd8 Rxd8 32. Rxd8+ Kh7 33. Qa8 a5 34. Rh8+ Kg6 35.
Qe4+ Bf5 36. Qe2 Qxa3 37. g4 Qc1+ 38. Kg2 Qc6+ 39. f3 Bc2 40. Re8 a4 41. Re5 a3 42.
Re3 a2 43. Ra3 Bb1 44. Qd2 Kh7 45. Qb2 Qc5 46. Rxa2 Bxa2 47. Qxa2 Qd4 48. Qb1+ g6 49. Qb3 Kg7 50. Qb5 Qc5 51. Qd3 b5 52. h4 b4 53. Qb3 Qc3 54. Qd5 b3 55. Qb7 b2 56.
Qb6 Qc2+ 57. Kg3 b1=Q 58. Qd4+ Kh7 59. Qf6 Qg1+ 60. Kh3 Qcg2# 0-1

[Event "Early-Titled-Tuesday-Blitz-May-14-2024"]
[Site "Chess.com"]
[Date "2024.05.14"]
[Round "9"]
[White "BilodeauA"]
[Black "GMG"]
[Result "0-1"]
[WhiteElo "2895"]
[BlackElo "2809"]
[TimeControl "180+1"]
[EndTime "9:47:53 PDT"]
[Termination "GMG won by resignation"]

1. e4 c5 2. Nf3 Nc6 3. Nc3 Nf6 4. Bb5 Qc7 5. Bxc6 Qxc6 6. O-O Nxe4 7. Nxe4 Qxe4 8. d4 e6 9. Re1 Qg6 10. Bf4 f6 11. c4 b6 12. d5 Be7 13. dxe6 dxe6 14.
Bd6 Qf7 15. Re3 O-O 16. Bxe7 Qxe7 17. Qe2 e5 18. Re1 Bb7 19. b3 Rad8 20. Nd2 Qd7 21.
Nb1 h6 22. h3 Kh8 23. a4 Qf7 24. Nc3 Rd7 25. f3 Rfd8 26. Qf2 Qg6 27. R1e2 Rd3 28. Kh2 Rxe3 29. Rxe3 Qf5 30. Ne2 Qc2 31. Qe1 Rd2 32. h4 Bc8 33. g4 Bb7 34. Kh3 Rd3 35. Ng3 Bxf3 36. Rxd3 Qxd3 37. g5 Qd7+ 38. Kh2 Qg4 39. gxf6 Qxh4+ 40. Kg1 gxf6 41. Kf2 Qf4 42. Kg1 Qg4 43.
Kf2 Qf4 44. Kg1 Bg4 45. Kh2 h5 46. Kg1 h4 47. Nf1 Qg5 48. Kh2 Kg7 49. Ne3 Qf4+ 50. Kg1 Be6 51. Ng2 Qg3 52. Qf2 Qxf2+ 53. Kxf2 h3 54. Ne3 f5 55. Nf1 f4 56. Nh2 Kf6 57.
Kf3 Bf5 58. Kf2 e4 59. Nf1 Ke5 60. Nh2 Kd4 0-1

[Event "Early-Titled-Tuesday-Blitz-May-14-2024"]
[Site "Chess.com"]
[Date "2024.05.14"]
[Round "9"]
[White "ReadySkate"]
[Black "Zq1"]
[Result "1-0"]
[WhiteElo "2736"]
[BlackElo "2611"]
[TimeControl "180+1"]
[EndTime "9:47:53 PDT"]
[Termination "ReadySkate won on time"]

1. d4 Nf6 2. c4 a6 3. Nc3 c5 4.
d5 b5 5. cxb5 axb5 6. Nxb5 Qa5+ 7. Nc3 Bb7 8. Bd2 Qb6 9. e4 e6 10. Bc4 Nxe4 11. dxe6 fxe6 12. Nxe4 Bxe4 13. Nf3 Be7 14.
Qe2 Qb7 15. Ne5 O-O 16. Bc3 d5 17. Bd3 Bxd3 18. Nxd3 Qa6 19. O-O d4 20. Bd2 Nd7 21. Rfe1 Bf6 22. Qe4 c4 23. Nb4 Nc5 24. Nxa6 Nxe4 25.
Rxe4 Rxa6 26. a3 Rb8 27. Bc1 d3 28. Rxc4 Bxb2 29. Bxb2 Rxb2 30. Rd4 Rxa3 31. Rd1 Raa2 32. Rd8+ Kf7 33. R8xd3 Rxf2 34. Rg3 Rad2 35. Rb1 Kf6 36. h3 h5 37. Rb7 g6 38. Rb4 Rfe2 39. Kh2 g5 40. Rb5 g4 41. hxg4 h4 42. Rf3+ Kg6 43.
Kh3 Rxg2 44. Kxh4 Rd4 45. Rg5+ Kh6 46. Rf6+ Kh7 47. Rf7+ Kh6 48. Rf6+ Kh7 49. Rxe6 Rh2+ 50. Kg3 Rdd2 51. Re7+ Kh6 52. Rf5 Rhg2+ 53. Kf4 Rgf2+ 54. Ke5 Rfe2+ 55. Kf6 1-0

[Event "Early-Titled-Tuesday-Blitz-May-14-2024"]
[Site "Chess.com"]
[Date "2024.05.14"]
[Round "9"]
[White "ploxoi"]
[Black "LeoLV10"]
[Result "0-1"]
[WhiteElo "2344"]
[BlackElo "2517"]
[TimeControl "180+1"]
[EndTime "9:47:54 PDT"]
[Termination "LeoLV10 won by resignation"]

1. d4 Nf6 2. c4 e6 3. h3 c5 4. d5 exd5 5. cxd5 d6 6. Nc3 g6 7. e4 Bg7 8. Bd3 O-O 9. Nf3 b5 10. O-O a6 11. Re1 Nbd7 12. a4 b4 13. Nb1 Ne8 14.
Nbd2 a5 15. Qc2 Nb6 16. Nc4 Nxc4 17. Bxc4 Nf6 18. Bg5 Qc7 19. Rad1 Nd7 20. Bf4 Re8 21. Bb5 Ba6 22. Bxa6 Rxa6 23. Nd2 Be5 24. Bxe5 Nxe5 25. Nc4 f6 26. b3 Re7 27. Re3 Ra8 28. Rde1 Rae8 29. Qe2 Nf7 30. Qf3 Kg7 31. h4 Ne5 32. Qe2 h5 33. f3 Nxc4 34. Qxc4 Qd7 35. Kf2 Re5 36. Qa6 Qc7 37. Qb5 R5e7 38. R1e2 Rb8 39.
Qc4 Rf7 40. Re1 Re8 41. R1e2 Qd8 42. Qb5 Ree7 43. g3 Rb7 44. Qa6 Rfd7 45. Kg2 Ra7 46. Qb5 Rdb7 47. Qc4 Re7 48. Qb5 Rab7 49. Qa6 Rb6 50.
Qxa5 Qb8 51. Rc2 Ra7 52. Rxc5 Rxa5 53. Rxa5 Rb7 54. Ra6 Rc7 55. Ra5 Rc2+ 56. Kg1 Qb6 0-1

[Event "Early-Titled-Tuesday-Blitz-May-14-2024"]
[Site "Chess.com"]
[Date "2024.05.14"]
[Round "9"]
[White "Mikhail_Bryakin"]
[Black "Vincent_Vega95"]
[Result "0-1"]
[WhiteElo "2885"]
[BlackElo "2791"]
[TimeControl "180+1"]
[EndTime "9:47:55 PDT"]
[Termination "Vincent_Vega95 won by resignation"]

1. Nf3 Nf6 2. c4 g6 3. d4 Bg7 4. Nc3 O-O 5. Bg5 c5 6. e3 d6 7. Be2 Nc6 8. O-O Bf5 9. d5 Na5 10. Nd2 h6 11. Bh4 e5 12. e4 Bd7 13. Rb1 b6 14. Re1 Qb8 15. Nf1 h5 16. Ne3 Nh7 17. h3 Bh6 18. Rf1 Kh8 19. Bxh5 gxh5 20. Qxh5 Bg7 21.
Be7 Nb7 22. Nf5 Rg8 23. Qxf7 Qe8 24. Qxe8 Raxe8 25. Bh4 Bf6 26. Bxf6+ Nxf6 27. f3 Bxf5 28. exf5 e4 29. g4 exf3 30. Rbe1 Nxg4 31. Rxe8 Rxe8 32.
hxg4 Rg8 33. Kf2 Rxg4 34. Kxf3 Rxc4 35. Ne4 Kg7 36. Rg1+ Kf8 37. Rg6 Rd4 38. f6 Rxd5 39. Ng5 Nd8 40. Kg4 Re5 41. Kh4 Ne6 42. Nh7+ Kf7 43.
Rh6 Rf5 44. Kg4 Rf4+ 45. Kg3 Rf5 46. Kg4 Re5 47. Rh1 d5 48. Rf1 d4 49. Rd1 c4 50.
Rf1 d3 51. a4 a6 52. Rd1 Kg6 53. Rh1 d2 54. Rd1 Rd5 55. Rh1 d1=Q+ 56. Rxd1 Rxd1 57.
f7 Kxf7 0-1

[Event "Early-Titled-Tuesday-Blitz-May-14-2024"]
[Site "Chess.com"]
[Date "2024.05.14"]
[Round "9"]
[White "english_player_89"]
[Black "Matibar"]
[Result "1/2-1/2"]
[WhiteElo "2622"]
[BlackElo "2775"]
[TimeControl "180+1"]
[EndTime "9:47:55 PDT"]
[Termination "Game drawn by stalemate"]

1. e4 e5 2. Nf3 d6 3. Bc4 Be7 4. O-O Nf6 5. Nc3 c5 6. d3 O-O 7.
a4 h6 8. Re1 Nc6 9. h3 Be6 10.
Nd5 Nb4 11. Nxe7+ Qxe7 12. Bxe6 fxe6 13. c3 Nc6 14. d4 Rad8 15. dxc5 dxc5 16. Qe2 Qf7 17.
Qc4 Nh5 18. Be3 b6 19. Qb5 Qc7 20. Red1 Nf4 21. Rxd8 Rxd8 22. a5 Ne7 23. axb6 axb6 24. b4 Neg6 25. bxc5 bxc5 26. Qxc5 Qf7 27. Nxe5 Qf6 28.
Nxg6 Nxg6 29. Bd4 e5 30. Be3 Rd7 31. Qc8+ Rd8 32. Qc4+ Kh7 33. Ra7 Nh4 34. Qf7 Qxf7 35. Rxf7 Rc8 36. Re7 Ng6 37. Re6 Rxc3 38. g3 Rc4 39. h4 h5 40. f3 Rc3 41. Bg5 Rc2 42. f4 exf4 43. gxf4 Nf8 44. f5 Nxe6 45. fxe6 Kg6 46.
e7 Kf7 47. e5 Rc3 48. e6+ Ke8 49. Kf1 Rc6 50. Kf2 Rxe6 51. Kf3 Rxe7 52. Bxe7 Kxe7 53.
Kf4 Kf6 54. Ke4 Ke6 55. Kf4 g6 56. Ke4 Kf7 57. Kf4 Kf6 58. Ke4 Ke6 59. Kf4 Ke7 60. Kg5 Kf7 61. Kf4 Kf6 62. Ke4 g5 63. hxg5+ Kxg5 64.
Kf3 Kh4 65. Kg2 Kg4 66. Kh1 h4 67. Kg1 h3 68. Kh1 Kg3 69. Kg1 h2+ 70. Kh1 Kh3 1/2-1/2

[Event "Early-Titled-Tuesday-Blitz-May-14-2024"]
[Site "Chess.com"]
[Date "2024.05.14"]
[Round "9"]
[White "AccioChess"]
[Black "Baronessa08"]
[Result "0-1"]
[WhiteElo "2435"]
[BlackElo "2596"]
[TimeControl "180+1"]
[EndTime "9:47:57 PDT"]
[Termination "Baronessa08 won by resignation"]

1. Nf3 c5 2. g3 Nc6 3. Bg2 g6 4.
O-O Bg7 5. c4 d6 6. Nc3 e5 7. d3 Nge7 8. a3 Be6 9. Rb1 h6 10.
b4 b6 11. b5 Na5 12. e4 O-O 13. Ne1 Qd7 14. Nc2 Rad8 15. Bd2 f5 16. f4 exf4 17.
gxf4 fxe4 18. Nxe4 Nf5 19. Bxa5 bxa5 20. Ng3 Nh4 21. Bc6 Qf7 22. Qe2 d5 23. Rbe1 Rd6 24. Ne3 Bd4 25. Kh1 Bxe3 26. Qxe3 dxc4 27. Qxc5 Rfd8 28. dxc4 Bxc4 29. Re8+ Rxe8 30. Bxe8 Qd5+ 31. Qxd5+ Bxd5+ 32. Kg1 Bc4 33. Rc1 Be6 34. Kf2 Rd2+ 35. Ke3 Ra2 36. Rc7 Rxa3+ 37. Kd4 Nf3+ 38. Ke4 Rb3 39. Bxg6 Nd2+ 40. Ke5 Re3+ 41. Kf6 Bb3 42. f5 Rd3 43. Rxa7 Rd8 44. Rxa5 Rf8+ 45. Ke5 Nc4+ 46. Kf4 Nxa5 47. Ne4 Rb8 48. Nd6 Rb6 49. Ke5 Nc4+ 50. Nxc4 Bxc4 51. Kd4 Bxb5 52. Kc5 Rb8 53. f6 Kf8 54. h4 Be2 55. h5 Bg4 56. Kd6 Rb5 57.
Kc7 Rg5 58. Kd6 Bxh5 59. Bxh5 Rxh5 0-1

[Event "Early-Titled-Tuesday-Blitz-May-14-2024"]
[Site "Chess.com"]
[Date "2024.05.14"]
[Round "9"]
[White "Abund"]
[Black "CristianS27"]
[Result "1-0"]
[WhiteElo "2788"]
[BlackElo "2541"]
[TimeControl "180+1"]
[EndTime "9:47:58 PDT"]
[Termination "Abund won on time"]

1. e4 e5 2. Nc3 Nf6 3. Bc4 Nc6 4. d3 Bc5 5. Nge2 Ng4 6. d4 exd4 7. Na4 d6 8. Bf4 d3 9. Nxc5 dxe2 10. Bxe2 Nf6 11. Nd3 Nxe4 12. Bf3 O-O 13. O-O Bf5 14. Re1 Re8 15.
c3 Qd7 16. Qb3 b6 17. Rad1 Rad8 18. Qd5 Ne7 19. Qd4 Nc6 20. Qa4 Ne5 21. Qxd7 Nxd7 22. Nb4 Nef6 23. Nc6 Rc8 24. Ne7+ Rxe7 25. Rxe7 h6 26.
Ree1 Nc5 27. h3 Nd3 28. Be3 Nxe1 29. Rxe1 Re8 30. Bc6 Re7 31. Rd1 Be4 32. Bb5 c6 33.
Be2 d5 34. b4 Bg6 35. a4 Kh7 36. a5 Ne4 37. Rc1 bxa5 38. bxa5 Rb7 39. f3 Nd6 40. Ba6 Re7 41. Bc5 Rd7 42. Re1 Nb5 43. Rc1 Rd8 44. Bb7 a6 45. Bxa6 Nc7 46. Bb7 Ne6 47. Bb6 Rb8 48. Bxc6 d4 49. cxd4 Rc8 50.
d5 Nd8 51. a6 Nxc6 52. dxc6 Bd3 53. a7 Bb5 54. Bc7 1-0

[Event "Early-Titled-Tuesday-Blitz-May-14-2024"]
[Site "Chess.com"]
[Date "2024.05.14"]
[Round "9"]
[White "AlphaGoosee"]
[Black "cukus"]
[Result "1-0"]
[WhiteElo "2612"]
[BlackElo "2363"]
[TimeControl "180+1"]
[EndTime "9:47:58 PDT"]
[Termination "AlphaGoosee won on time"]

1. e4 c5 2. Nf3 e6 3. d4 cxd4 4. Nxd4 Nf6 5. Nc3 Nc6 6. a3 Be7 7. Be3 O-O 8. Qe2 d5 9. exd5 Nxd5 10. Nxd5 Qxd5 11. Rd1 Qa5+ 12. c3 Nxd4 13. Bxd4 Re8 14. Qb5 Qxb5 15. Bxb5 Rf8 16. Ke2 a6 17. Bd3 Bd7 18.
Be4 Bc6 19. Bxc6 bxc6 20. Kd3 Rfd8 21. Kc4 Rd5 22. b4 f6 23. f4 Bd6 24. g3 Kf7 25.
Rhe1 Re8 26. a4 e5 27. fxe5 Bxe5 28. Bc5 Red8 29. Rxd5 Rxd5 30. a5 Rd2 31. Rh1 Ke6 32.
g4 Rg2 33. h3 Rd2 34. Re1 Kf7 35. Re3 Kg6 36. Bd4 Bxd4 37. cxd4 Rc2+ 38. Rc3 Rxc3+ 39. Kxc3 Kf7 40. Kc4 Ke6 41. Kc5 Kd7 42. Kb6 g6 43.
Kxa6 f5 44. gxf5 gxf5 45. Kb7 f4 46. a6 f3 47. a7 f2 48. a8=Q f1=Q 49. Qc8+ Ke7 50.
Qc7+ Kf6 51. Qxc6+ Kf5 52. d5 Qb1 53. b5 Ke4 54. d6+ Ke3 55. d7 1-0

[Event "Early-Titled-Tuesday-Blitz-May-14-2024"]
[Site "Chess.com"]
[Date "2024.05.14"]
[Round "9"]
[White "JanMur7"]
[Black "CD3m"]
[Result "0-1"]
[WhiteElo "2263"]
[BlackElo "2360"]
[TimeControl "180+1"]
[EndTime "9:48:02 PDT"]
[Termination "CD3m won by checkmate"]

1. c4 c6 2. Nc3 d5 3. d4 e5 4. cxd5 cxd5 5. dxe5 d4 6. Ne4 Qa5+ 7. Nd2 Nc6 8. Nf3 Nge7 9. g3 Ng6 10. Bg2 Ngxe5 11. O-O Nxf3+ 12. Nxf3 Bc5 13. a3 O-O 14. Rb1 Bb6 15. b4 Qh5 16. Bb2 Rd8 17. Ne1 Bg4 18. f3 d3+ 19. Kh1 dxe2 20. Qxe2 Bf5 21. Rc1 Qh6 22. g4 Rd2 23. Qb5 Rxb2 24. gxf5 Qxc1 25. Nd3 Qc3 26. Nxb2 Qxb2 27. f4 Qf6 28. a4 Nd4 29. Qe5 Nxf5 30. Bxb7 Rd8 31. a5 Bd4 32. Qxf6 Bxf6 33.
b5 Bc3 34. b6 Bd4 35. Rb1 Rb8 36. a6 g6 37. bxa7 Bxa7 38. Rd1 Kf8 39. Rd7 Be3 40.
Bd5 Nh6 41. a7 Bxa7 42. Rxa7 Rb2 43. f5 gxf5 44. h4 Kg7 45. Kg1 Rb4 46. h5 Rg4+ 47. Kf2 Rh4 48. Kf3 Rxh5 49. Kf4 Rh4+ 50. Kg5 Rg4+ 51. Kh5 Rg3 52. Kh4 Rd3 53. Bc4 Rd4+ 54. Kh5 Rxc4 55. Rxf7+ Kxf7 56. Kg5 Ke6 57. Kh5 Rg4 58.
Kxh6 Kf6 59. Kh5 Rg3 60. Kh6 f4 61. Kh5 f3 62. Kh6 Rg2 63. Kh5 f2 64. Kh4 f1=Q 65.
Kh3 Qh1# 0-1

[Event "Early-Titled-Tuesday-Blitz-May-14-2024"]
[Site "Chess.com"]
[Date "2024.05.14"]
[Round "9"]
[White "ChessSwole"]
[Black "ReinisUz"]
[Result "1-0"]
[WhiteElo "2594"]
[BlackElo "2421"]
[TimeControl "180+1"]
[EndTime "9:48:03 PDT"]
[Termination "ChessSwole won by checkmate"]

1. d4 d5 2. Nf3 c6 3. Bf4 Nf6 4.
e3 e6 5. c4 Bd6 6. Ne5 O-O 7.
Nc3 Qc7 8. c5 Bxe5 9. Bxe5 Qa5 10. Bxf6 gxf6 11. Bd3 e5 12. dxe5 fxe5 13. Qh5 e4 14.
Qg5+ Kh8 15. Bc2 Nd7 16. O-O Qxc5 17. Rad1 f6 18. Qh6 Qe7 19. f3 exf3 20. Rxf3 Qg7 21. Qh4 Ne5 22. Rg3 Qe7 23. Rf1 Bd7 24. Ne2 Rf7 25.
Nf4 Rg8 26. Rxg8+ Kxg8 27. Nh5 f5 28. Qg3+ Kh8 29. h3 Rf8 30. Kh1 b6 31. Qf4 c5 32.
Qh6 d4 33. exd4 cxd4 34. Qf4 d3 35. Bb3 Ng6 36. Qd4+ Qe5 37. Qxd7 Qxb2 38. Qxd3 Nh4 39. Qg3 Ng6 40. Nf4 Ne5 41. Nh5 Ng6 42. Re1 a5 43.
Nf4 Rf6 44. Re8+ Kg7 45. Nh5+ Kh6 46. Nxf6 Qxf6 47. Re6 Qa1+ 48. Re1 Qb2 49. Bf7 f4 50.
Qg4 Qb4 51. Rf1 Qb5 52. Rg1 Ne5 53. Qxf4+ Kg7 54. Be6 Ng6 55. Qc7+ Kh6 56. Bc4 Qb4 57. Qc6 a4 58. Bd3 Qd2 59. Bxg6 hxg6 60. Qe4 a3 61.
Qh4+ Kg7 62. Re1 Qxa2 63. Re7+ Kf8 64. Qf6+ Kg8 65. Qg7# 1-0

[Event "Early-Titled-Tuesday-Blitz-May-14-2024"]
[Site "Chess.com"]
[Date "2024.05.14"]
[Round "9"]
[White "DACF2905"]
[Black "stepanosinovsky"]
[Result "0-1"]
[WhiteElo "2415"]
[BlackElo "2330"]
[TimeControl "180+1"]
[EndTime "9:48:04 PDT"]
[Termination "stepanosinovsky won by resignation"]

1. e4 e5 2. Nf3 Nc6 3. Bc4 Nf6 4. d3 Be7 5. c3 O-O 6. O-O d5 7. exd5 Nxd5 8. Re1 Bg4 9. h3 Bh5 10. g4 Bg6 11.
Nxe5 Nxe5 12. Rxe5 Nb6 13. Re1 Kh8 14. Bf4 f5 15.
Nd2 fxg4 16. Qxg4 Rxf4 17. Qxf4 Bg5 18. Qd4 Qxd4 19. cxd4 Bxd2 20. Re7 Bf4 21. Rae1 Rd8 22. Bf7 Bxf7 23. Rxf7 Bd6 24. Re4 Nd5 25. Rf3 h6 26. a3 Nf6 27. Re2 Kh7 28. Kg2 Kg6 29. b4 Nd5 30.
Rc2 Nf4+ 31. Kf1 Ne6 32. Rc4 b5 33. Rc3 Nxd4 34. Re3 Nf5 35. Re1 Kf6 36. Rc6 Ne7 37. Ra6 Nd5 38. Rxa7 Nf4 39. Rb7 Ra8 40. Ra1 Nxd3 41.
Rxb5 Nxb4 42. a4 Nc2 43. Rc1 Nd4 44. Rd5 Rxa4 45. Rd1 Ne6 46. R5d3 Ra2 47. Re1 Nf4 48. Rf3 g5 49. Rb1 h5 50. Rb5 h4 51. Rb1 Rc2 52.
Kg1 Rd2 53. Rb5 Kg6 54. Rb1 Rc2 55. Rf1 Ne2+ 56. Kg2 Nf4+ 57. Kg1 Rd2 58. Kh1 c5 59. Kg1 c4 60. Kh1 Be5 61. Re1 Bf6 62. Rc1 c3 63. Kg1 Ne2+ 64. Kh2 Nxc1 65. Kg2 Ne2 0-1

[Event "Early-Titled-Tuesday-Blitz-May-14-2024"]
[Site "Chess.com"]
[Date "2024.05.14"]
[Round "9"]
[White "becemix"]
[Black "Flaccidmoves"]
[Result "1-0"]
[WhiteElo "2596"]
[BlackElo "2433"]
[TimeControl "180+1"]
[EndTime "9:48:05 PDT"]
[Termination "becemix won by resignation"]

1. e4 d5 2. exd5 Qxd5 3. Nc3 Qd6 4. Nf3 c6 5. g3 Nf6 6. Bg2 Bg4 7. h3 Bxf3 8. Qxf3 e6 9. O-O Be7 10. d3 O-O 11. Re1 Nbd7 12. a3 Qc7 13. h4 Rfe8 14. h5 e5 15. h6 g6 16. Bg5 Nh5 17. Bxe7 Rxe7 18. Bh3 f5 19. Rad1 Rf8 20. b4 e4 21.
Qg2 Ne5 22. dxe4 fxe4 23. Rxe4 Nf3+ 24. Kh1 Ref7 25. Be6 Ng5 26. Rd7 Nxe6 27. Rxc7 Nxc7 28. Re2 Nf6 29. Kg1 Ng4 30. Ne4 Nxh6 31. Ng5 Rd7 32.
Qe4 Nf5 33. Qc4+ Nd5 34. Ne6 Re8 35. Nf4 Rxe2 36. Nxe2 Kg7 37. Nf4 Nxf4 38. Qxf4 Kf7 39.
c4 h5 40. Qe5 Re7 41. Qh8 Rd7 42. Kg2 Re7 43. b5 cxb5 44. cxb5 Rd7 45. a4 b6 46. Qc3 Re7 47. a5 bxa5 48. Qxa5 Kg7 49. Qc3+ Kf7 50. Kh3 Rd7 51. f3 Re7 52. Qc4+ Kg7 53.
Qd5 Rf7 54. g4 hxg4+ 55. fxg4 Ne7 56. Qe5+ Kf8 57. Kh4 Ng8 58. Kg5 Ne7 59. Qb8+ Kg7 60. Qxa7 Ng8 61. Qd4+ Nf6 62. b6 Kg8 63. Qxf6 Rxf6 64.
Kxf6 1-0